 Dungeon Crawl Stone Soup version 0.25-a0-713-g4845790874 (webtiles) character file.

Game seed: 16546631051850298556, levelgen mode: deterministic

97 MisterFreud the Changer (level 4, -4/28 HPs)
             Began as an Octopode Transmuter on Apr 5, 2020.
             Splashed by Ijyb's acid (13 damage)
             ... on level 3 of the Dungeon.
             The game lasted 00:02:52 (2360 turns).

MisterFreud the Changer (Octopode Transmuter)       Turns: 2360, Time: 00:02:53

Health: -4/28      AC: -3    Str:  9    XL:     4   Next: 68%
Magic:  8/8        EV: 13    Int: 14    God:
Gold:   172        SH:  0    Dex: 12    Spells: 2/8 levels left

rFire    . . .     SeeInvis .     - Unarmed
rCold    . . .     Gourm    .   (no shield)
rNeg     . . .     Faith    .   (helmet restricted)
rPois    .         Spirit   .   (no amulet)
rElec    .         Reflect  .   n - -2 ring of intelligence (curse)
rCorr    .         Harm     .   (no ring)
MR       .....                  (no ring)
Stlth    ++........             (no ring)
HPRegen  0.09/turn              (no ring)
MPRegen  0.11/turn              (no ring)
                                (no ring)
                                (no ring)

@: corroded
A: almost no armour, stealthy swim, amphibious, 8 rings, constrict 8, camouflage
1, gelatinous body 1
a: no special abilities


You were on level 3 of the Dungeon.
You were not hungry.

You visited 1 branch of the dungeon, and saw 3 of its levels.

You collected 172 gold pieces.

Inventory:

Missiles
 a - 69 arrows
 e - 85 stones (quivered)
 h - 22 sling bullets
 p - 7 poisoned darts
Jewellery
 n - a cursed -2 ring of intelligence (left tentacle)
Scrolls
 b - a scroll of identify {unknown}
 i - 2 scrolls of noise {unknown}
 k - a scroll of enchant weapon {unknown}
 m - a scroll of enchant armour {unknown}
 o - a scroll of teleportation {unknown}
 q - a scroll of remove curse {unknown}
Potions
 d - a potion of lignification {unknown}
 g - 3 potions of brilliance {unknown}
 j - 2 potions of curing {unknown}
 l - a potion of stabbing {unknown}
Comestibles
 c - 7 rations
 f - a chunk of flesh


   Skills:
 - Level 1.0 Fighting
 - Level 2.0 Dodging
 - Level 3.0 Unarmed Combat
 + Level 2.9 Spellcasting
 * Level 4.0 Transmutations


You had 2 spell levels left.
You knew the following spells:

 Your Spells              Type           Power        Failure   Level  Hunger
a - Beastly Appendage     Tmut           ##....       4%          1    #......
b - Sticks to Snakes      Tmut           ##......     6%          2    ##.....
c - Spider Form           Tmut/Pois      #.........   28%         3    ###....

Your spell library contained the following spells:

 Spells                   Type           Power        Failure   Level  Hunger
 Ice Form                 Ice/Tmut       #.......     67%         4    #####..
 Blade Hands              Tmut           ##........   75%         5    ######.


Dungeon Overview and Level Annotations

Branches:
Dungeon (3/15)

Altars:

Annotations:
D:3 Ijyb


Innate Abilities, Weirdness & Mutations

You cannot wear most types of armour.
You are very stealthy in the water. (Stealth+)
You are amphibious.
You can wear up to eight rings at the same time.
You can use your tentacles to constrict eight enemies at once.
Your skin changes colour to match your surroundings (Stealth+).
Your rubbery body absorbs attacks. (AC +1, EV +1)


Message History

You constrict the kobold, but do no damage.
You barely miss the kobold.
You constrict the kobold, but do no damage.
The kobold misses you.
You tentacle-slap the kobold. x2
You kill the kobold!
e - 85 stones (gained 1) HP restored.
You open the door.
Ijyb the Twisted Goblin comes into view.
She is carrying a wand of acid (6).
Ijyb is nearby!
There is an open door here.
Found a glowing jasper amulet.
The helpless Ijyb fails to defend herself.
You tentacle-slap Ijyb but do no damage.
You grab Ijyb. You constrict Ijyb, but do no damage.
Ijyb zaps a wand.
The bolt of acid hits you!!
Ouch! That really hurt!
The acid corrodes you!
You are splashed with acid!
You die...

........####.........≈≈≈
####.#.## ##.......≈≈≈≈
#.### ##......≈≈≈≈ #.#
##...#.≈≈≈ #.# ##'##..≈≈
#.# #.# #.# #.# #.#
##.## ####.### #.@.#
#......#####....g.......
#.##...<.....##...###...
# ###.#########.## . #.#
#.# ..# #.# #### #"# #.#


You could see Ijyb.

Vanquished Creatures
  Natasha (twice) (D:2)
  A worm (D:2)
  A dart slug (D:2)
  A leopard gecko (D:1)
  4 giant cockroaches
  10 goblins
  7 hobgoblins
  3 jackals (D:2)
  A quokka (D:2)
  2 bats
  4 frilled lizards
  3 kobolds
  2 rats
41 creatures vanquished.

Vanquished Creatures (collateral kills)
  A frilled lizard (D:2)
1 creature vanquished.

Grand Total: 42 creatures vanquished

Notes
Turn   | Place    | Note
-------+----------+-------------------------------------------
     0 | D:1      | MisterFreud the Octopode Transmuter began the quest for the
                  | Orb.
     0 | D:1      | Reached XP level 1. HP: 13/13 MP: 3/3
    83 | D:1      | Reached XP level 2. HP: 11/18 MP: 3/5
   199 | D:1      | Learned a level 2 spell: Sticks to Snakes
  1179 | D:1      | Reached skill level 3 in Transmutations
  1186 | D:1      | Reached XP level 3. HP: 17/23 MP: 6/6
  1580 | D:2      | Noticed Natasha
  1590 | D:2      | Killed Natasha
  1785 | D:2      | Reached XP level 4. HP: 22/28 MP: 8/8
  1818 | D:2      | Learned a level 3 spell: Spider Form
  2269 | D:2      | Noticed Natasha
  2275 | D:2      | Killed Natasha
  2275 | D:2      | Reached skill level 4 in Transmutations
  2354 | D:3      | Noticed Ijyb
  2360 | D:3      | Splashed by Ijyb's acid

Levels and vault maps discovered:
D:1:      erik_arrival_triangle_huge, layout_basic
D:2:      kennysheep_six_static_rooms, layout_loops_ring, first_ration,
          hex_large, uniq_natasha
D:3:      layout_loops_corners, nicolae_overflow_crystal_walls,
          chequers_ecumenical_altar_island, serial_rivers,
          chequers_serial_rivers_room_a, chequers_serial_rivers_small_3,
          chequers_serial_rivers_micro_c, chequers_serial_rivers_micro_e,
          nicolae_ru_path_of_blood, uniq_ijyb

Skill      XL: |  1  2  3  4 |
---------------+-------------+-----
Transmutations | 3 4 |  4.0
Fighting       | |  1.0
Dodging        | |  2.0
Unarmed Combat | |  3.0
Spellcasting   | |  2.9

Action                   |  1- 3 |  4- 6 || total
-------------------------+-------+-------++-------
Melee: Unarmed           |    76 |    33 ||   109
       Constrict         |    19 |     7 ||    26
       Tentacles         |     8 |     5 ||    13
       Kick              |     2 |       ||     2
       Punch             |       |     2 ||     2
 Cast: Beastly Appendage |     1 |       ||     1
       Sticks to Snakes  |     3 |       ||     3
       Spider Form       |       |     1 ||     1
 Stab: Distracted        |     2 |       ||     2
       Sleeping          |     3 |     3 ||     6
  Eat: Chunk             |     3 |     2 ||     5
Armor: Skin              |    11 |     1 ||    12
Dodge: Dodged            |    33 |    19 ||    52

Table legend:
 A = Non-vault XP
 B = Vault XP
 C = Vault XP percentage of total XP
 D = Non-vault monster count
 E = Vault monster count
 F = Vault count percentage of total count
                 A         B        C        D         E       F
            +---------+---------+-------+---------+---------+-------
      Total |      89 |      50 |  36.0 |      35 |       7 |  16.7
            +---------+---------+-------+---------+---------+-------
        D:1 |      36 |       0 |   0.0 |      22 |       0 |   0.0
        D:2 |      51 |      50 |  49.5 |      12 |       7 |  36.8
        D:3 |       2 |       0 |   0.0 |       1 |       0 |   0.0
            +---------+---------+-------+---------+---------+-------
